 Dungeon Crawl Stone Soup version 0.26-a0-658-gbdda728c12 (webtiles) character file.

Game seed: 6972044201445351419

25825 smeego the Covert (level 13, -10/89 HPs)
             Began as an Octopode Fighter on Oct 4, 2020.
             Was an Initiate of Gozag.
             Killed from afar by Azrael (36 damage)
             ... with damnation
             ... on level 12 of the Dungeon.
             The game lasted 00:31:16 (21804 turns).

smeego the Covert (Octopode Fighter)               Turns: 21804, Time: 00:31:17

Health: -10/89     AC:  4    Str: 17    XL:     13   Next: 22%
Magic:  16/16      EV: 16    Int: 14    God:    Gozag
Gold:   431        SH: 12    Dex: 13    Spells: 12/16 levels left

rFire    + . .     SeeInvis .   S - +11 short sword of the Nexus {vorpal, rPois}
rCold    + . .     Faith    .   b - +1 kite shield
rNeg     . . .     Spirit   .   B - +1 hat
rPois    +         Reflect  .   w - amulet of the acrobat
rElec    +         Harm     .   z - ring of stealth
rCorr    +         Rampage  .   M - ring of wizardry
MR       .....                  O - ring of resist corrosion
Stlth    +++++++...             R - ring of stealth
HPRegen  0.24/turn              Q - ring of wizardry
MPRegen  0.15/turn              (no ring)
                                (no ring)
                                (no ring)

@: mighty, resistant, hasted, very quick
A: almost no armour, stealthy swim, amphibious, 8 rings, constrict 8, tentacle
spike 1, iridescent scales 1, camouflage 1, screaming 1, strong 1, gelatinous
body 1
a: Potion Petition, Call Merchant, Bribe Branch, Renounce Religion


You were on level 12 of the Dungeon.
You worshipped Gozag.
Gozag was aware of your devotion.
You visited 3 branches of the dungeon, and saw 17 of its levels.
You also visited: Sewer and Ossuary.

You collected 3268 gold pieces.
You spent 1181 gold pieces at shops.
You paid 1656 gold pieces to Gozag.

Inventory:

Hand Weapons
 a - a +0 long sword
 g - a +0 dagger
 s - a +4 scimitar of freezing
 P - a +0 dagger of venom
 S - the +11 short sword of the Nexus (weapon) {vorpal, rPois}
   (You bought it in a shop on level 8 of the Dungeon)

   It inflicts extra damage upon your enemies.
   It protects you from poison.
Missiles
 h - 22 boomerangs
 i - 22 poisoned darts (quivered)
Armour
 b - a +1 kite shield (worn)
 B - a +1 hat (worn)
Jewellery
 w - an amulet of the acrobat (around mantle)
 z - a ring of stealth (left tentacle)
 E - an uncursed ring of ice
 M - a ring of wizardry (right tentacle)
 O - a ring of resist corrosion (on tentacle)
 Q - a ring of wizardry (on tentacle)
 R - a ring of stealth (on tentacle)
Wands
 v - a wand of paralysis (6)
 J - a wand of polymorph (3)
 L - a wand of iceblast (23)
Scrolls
 d - 5 scrolls of remove curse
 e - 8 scrolls of teleportation
 j - 2 scrolls of blinking
 u - 4 scrolls of fog
 y - 3 scrolls of magic mapping
 C - a scroll of vulnerability
 H - a scroll of holy word
 I - a scroll of brand weapon
 K - a scroll of random uselessness
 N - a scroll of noise
 U - a scroll of enchant weapon {unknown}
Potions
 c - 2 potions of might
 f - 4 potions of degeneration
 k - a potion of ambrosia
 l - 2 potions of invisibility
 n - 2 potions of lignification
 o - 5 potions of curing
 p - 3 potions of flight
 q - a potion of heal wounds
 r - 2 potions of haste
 t - a potion of magic
 x - a potion of cancellation
 A - a potion of brilliance
 T - 2 potions of stabbing
Miscellaneous
 D - a lightning rod (4/4)
 F - a lightning rod (4/4)
 G - a tin of tremorstones (3/3)


   Skills:
 + Level 8.3 Fighting
 + Level 1.7(6.9) Short Blades
 - Level 10.5(10.6) Long Blades
 - Level 7.0 Throwing
 + Level 8.1 Dodging
 + Level 10.7 Stealth
 + Level 8.3 Shields
 + Level 7.5 Unarmed Combat
 + Level 2.3 Spellcasting
 * Level 3.9 Transmutations
 * Level 3.8 Earth Magic


You had 12 spell levels left.
You knew the following spells:

 Your Spells              Type           Power        Failure   Level
a - Petrify               Tmut/Erth      ##......     26%         4

Your spell library contained the following spells:

 Spells                   Type           Power        Failure   Level
 Beastly Appendage        Tmut           ##....       3%          1
 Sandblast                Erth           ##....       3%          1
 Passwall                 Tmut/Erth      ##......     4%          2
 Wereblood                Tmut           ##......     4%          2
 Spider Form              Tmut/Pois      #.........   19%         3
 Stone Arrow              Conj/Erth      #.....       19%         3
 Confusing Touch          Hex            #.......     36%         3
 Gell's Gravitas          Tloc           #.........   36%         3
 Ice Form                 Ice/Tmut       #.......     50%         4
 Blade Hands              Tmut           ##........   56%         5
 Lee's Rapid Deconstruct  Erth           ##........   58%         5
 Yara's Violent Unravell  Hex/Tmut       #.........   82%         5
 Metabolic Englaciation   Hex/Ice        #.........   96%         5


Dungeon Overview and Level Annotations

Branches:
Dungeon (12/15)            Temple (1/1) D:5            Lair (4/6) D:8
 Shoals (0/4) Lair:2       Spider (0/4) Lair:2          Orc (0/2) D:12
  Sewer (visited)         Ossuary (visited)

Altars:
Dithmenos
Elyvilon
Fedhas
Gozag
Nemelex Xobeh
Okawaru
Sif Muna
Trog
Vehumet
Wu Jian
Xom
Zin
The Shining One

Shops:
D:8 **   D:9 !   Lair:1 :

Annotations:
D:3 3 runed translucent doors, fozzywoppz's ghost, amateur GrFi
D:7 1 runed translucent door, Crazy Yiuf
D:12 Azrael
Lair:4 Snorg


Innate Abilities, Weirdness & Mutations

You cannot wear most types of armour.
You are very stealthy in the water. (Stealth+)
You are amphibious.
You can wear up to eight rings at the same time.
You can use your tentacles to constrict eight enemies at once.
Your skin changes colour to match your surroundings (Stealth+).
Your rubbery body absorbs attacks. (AC +1, EV +1)
One of your tentacles bears a spike.
You are partially covered in iridescent scales. (AC +2)
You occasionally shout uncontrollably at your foes.
Your muscles are strong. (Str +2)


Message History

Press: ? - help, Shift-Dir - straight line, f - Azrael
Aim: Azrael, wielding a +2 scimitar of flaming (heavily wounded, chance to defeat MR: 28%) Azrael easily resists.
You are covered in liquid flames!
* * * LOW HITPOINT WARNING * * *
Azrael hits you with a +2 scimitar of flaming!
* * * LOW HITPOINT WARNING * * *
Azrael burns you.
* * * LOW HITPOINT WARNING * * *
You feel much better.
You are covered in liquid flames!
Evoke which item? (* to show all) (? for menu, Esc to quit)
Aiming: Paralyse
Press: ? - help, Shift-Dir - straight line, f/p - Azrael
Aim: Azrael, wielding a +2 scimitar of flaming (moderately wounded, chance to defeat MR: 28%) Azrael easily resists.
Azrael gestures at you.
The sphere of damnation explodes!
The damnation engulfs you!!!
You die...
Your body crumbles into a pile of gold.

####...#.#
#####.##.#
#.....##.#
##.######[# #>.#
#.#
#..######.########
.......##........#
##.###.#########.#
##.# #.# #@# #.#
#.# #R# ##.###.#
#E# .......# #h#
#.###### #h# #.#
#o# (.# #.# ###
#.# #


You could see Azrael, a fire elemental, 2 hell hounds and an orc.

Vanquished Creatures
  Josephine (D:11)
  A hydra (D:12)
  3 two-headed ogres
  2 cyclopes (D:12)
  A black mamba (Lair:3)
  A centaur zombie (D:11)
  A gargoyle (D:10)
  Maggie (Lair:1)
  4 cane toads
  3 rime drakes
  7 komodo dragons
  2 hornets
  10 blink frogs
  4 redbacks (Lair:2)
  A shadow (D:11)
  4 wraiths
  23 yaks
  A wyvern (Lair:3)
  3 basilisks
  A steam dragon (D:11)
  A fire elemental (D:12)
  Edmund (D:4)
  2 hell hounds (D:12)
  10 water moccasins
  6 orc warriors
  2 ice beasts
  2 sky beasts
  3 black bears
  An eye of draining (D:10)
  7 ogres
  9 wolves
  8 centaurs
  An elf zombie (Ossuary)
  7 big kobolds
  14 bullfrogs
  A gnoll sergeant (D:9)
  A water moccasin zombie (D:11)
  A wyvern skeleton (D:10)
  2 scorpions
  16 wights
  A howler monkey (D:5)
  A quasit (D:5)
  A bullfrog skeleton (D:5)
  2 bullfrog zombies (D:7)
  3 hounds
  3 jellies
  4 orc priests
  4 centaur skeletons
  14 orc wizards
  Jessica (D:3)
  2 iguanas
  11 worker ants
  2 big kobold zombies (Ossuary)
  A hound skeleton (D:4)
  4 mummies (Ossuary)
  A howler monkey zombie (D:8)
  2 worker ant zombies
  17 adders
  8 gnolls
  A shadow imp (D:7)
  A white imp (D:10)
  5 ufetubi
  4 oozes
  3 adder zombies
  2 adder skeletons
  7 worms
  A dart slug (D:3)
  5 leopard geckos
  40 orcs
  12 ball pythons
  5 bats
  7 giant cockroaches
  4 goblins
  9 hobgoblins
  8 jackals
  20 kobolds
  2 quokkas
  5 frilled lizards
  A gnoll zombie (Ossuary)
  A goblin zombie (Ossuary)
  A hobgoblin zombie (Ossuary)
  A jackal skeleton (D:5)
  2 kobold zombies (Ossuary)
  An orc zombie (Ossuary)
  A quokka zombie (D:5)
  8 rats
  A rat zombie (Ossuary)
409 creatures vanquished.

Vanquished Creatures (others)
  20 fungi
  41 plants
61 creatures vanquished.

Grand Total: 470 creatures vanquished

Notes
Turn   | Place    | Note
-------+----------+-------------------------------------------
     0 | D:1      | smeego the Octopode Fighter began the quest for the Orb.
     0 | D:1      | Reached XP level 1. HP: 16/16 MP: 1/1
   169 | D:1      | Reached XP level 2. HP: 12/21 MP: 2/2
   901 | D:1      | Reached skill level 1 in Stealth
   901 | D:1      | Reached XP level 3. HP: 26/26 MP: 3/3
  1349 | D:2      | Reached skill level 1 in Unarmed Combat
  1618 | D:2      | Reached XP level 4. HP: 24/31 MP: 4/4
  1784 | D:2      | Reached skill level 1 in Throwing
  2001 | D:2      | Found an iron altar of Okawaru.
  2171 | D:2      | Found a white marble altar of Elyvilon.
  2192 | D:2      | Found a sparkling altar of Nemelex Xobeh.
  2516 | D:3      | Reached XP level 5. HP: 33/36 MP: 5/5
  2543 | D:3      | Found a shimmering altar of Xom.
  2606 | D:3      | Found an ornate altar of the Wu Jian Council.
  3173 | D:3      | Noticed Jessica
  3175 | D:3      | Killed Jessica
  3362 | D:3      | Found a runed translucent gate.
  3362 | D:3      | Found a runed translucent gate.
  3366 | D:3      | Found a runed translucent gate.
  3366 | D:3      | Noticed a big kobold
  3367 | D:3      | Noticed fozzywoppz's ghost (amateur GrFi)
  3368 | D:3      | Noticed a big kobold
  3416 | D:3      | Found a glowing golden altar of the Shining One.
  3417 | D:3      | Found a radiant altar of Vehumet.
  3420 | D:3      | Reached XP level 6. HP: 43/43 MP: 6/6
  3526 | D:4      | Found a glowing drain.
  3553 | Sewer    | Entered a sewer
  3891 | Sewer    | Reached XP level 7. HP: 44/47 MP: 7/7
  4729 | D:4      | Reached XP level 8. HP: 32/54 MP: 8/8
  4869 | D:4      | Found a glowing silver altar of Zin.
  4888 | D:4      | Noticed Edmund
  4901 | D:4      | Killed Edmund
  4901 | D:4      | Reached skill level 5 in Long Blades
  5378 | D:5      | Entered Level 5 of the Dungeon
  5651 | D:5      | Found a staircase to the Ecumenical Temple.
  5662 | Temple   | Entered the Ecumenical Temple
  5672 | Temple   | Became a worshipper of Gozag Ym Sagoz the Greedy
  5747 | D:5      | Reached skill level 5 in Stealth
  5796 | D:5      | Found a sand-covered staircase.
  5802 | Ossuary  | Entered an ossuary
  6572 | D:5      | Found a blossoming altar of Fedhas.
  6689 | D:6      | Noticed a yak
  6689 | D:6      | Noticed a yak
  6689 | D:6      | Noticed a yak
  6702 | D:5      | Killed a yak
  6702 | D:5      | Reached skill level 5 in Fighting
  6702 | D:5      | Reached XP level 9. HP: 39/61 MP: 9/9
  6839 | D:6      | Reached skill level 5 in Shields
  6993 | D:6      | Reached skill level 5 in Dodging
  7584 | D:6      | Identified the cursed +3 hand axe "Plog" {flame, Str-3
                  | Dex+8}
  7750 | D:6      | Noticed a moth of wrath
  7753 | D:6      | Found a bloodstained altar of Trog.
  7775 | D:6      | Learned a level 4 spell: Petrify
  8093 | D:7      | Reached XP level 10. HP: 67/68 MP: 10/10
  8532 | D:8      | Found Baut's General Store.
  8734 | D:8      | Found a staircase to the Lair.
  9200 | D:7      | Reached skill level 5 in Unarmed Combat
  9388 | D:7      | Found a runed translucent door.
  9389 | D:7      | Noticed Crazy Yiuf
  9911 | D:8      | Reached skill level 5 in Throwing
 10515 | D:9      | Noticed a two-headed ogre
 10575 | D:9      | Found a sparkling altar of Nemelex Xobeh.
 10986 | D:9      | Found Funn's Distillery.
 10994 | D:9      | Bought 2 potions of mutation for 192 gold pieces
 10994 | D:9      | Gained mutation: You are agile. (Dex +2) [potion of
                  | mutation]
 10994 | D:9      | Gained mutation: You occasionally shout uncontrollably at
                  | your foes. [potion of mutation]
 10994 | D:9      | Gained mutation: You are very agile. (Dex +4) [potion of
                  | mutation]
 10995 | D:9      | Lost mutation: You are very agile. (Dex +4) [potion of
                  | mutation]
 10995 | D:9      | Lost mutation: You occasionally shout uncontrollably at
                  | your foes. [potion of mutation]
 10995 | D:9      | Gained mutation: You are frail. (-10% HP) [potion of
                  | mutation]
 10995 | D:9      | Gained mutation: One of your tentacles bears a spike.
                  | [potion of mutation]
 10995 | D:9      | Gained mutation: Your spells are a little harder to cast,
                  | but a little more powerful. [potion of mutation]
 11036 | D:9      | Found a shimmering blue altar of Sif Muna.
 11184 | D:9      | Killed a two-headed ogre
 11739 | D:10     | Entered Level 10 of the Dungeon
 11767 | D:10     | Noticed a two-headed ogre
 11802 | D:10     | Reached XP level 11. HP: 35/66 MP: 11/11
 12032 | D:10     | Killed a two-headed ogre
 14759 | Lair:1   | Entered Level 1 of the Lair of Beasts
 14798 | Lair:1   | Noticed Maggie
 15232 | Lair:1   | Killed Maggie
 15244 | Lair:1   | Lost mutation: You are frail. (-10% HP) [potion of
                  | mutation]
 15244 | Lair:1   | Lost mutation: You are agile. (Dex +2) [potion of mutation]
 15244 | Lair:1   | Lost mutation: Your spells are a little harder to cast, but
                  | a little more powerful. [potion of mutation]
 15244 | Lair:1   | Gained mutation: Your muscles are strong. (Str +2) [potion
                  | of mutation]
 15244 | Lair:1   | Gained mutation: You occasionally shout uncontrollably at
                  | your foes. [potion of mutation]
 15244 | Lair:1   | Gained mutation: You are partially covered in iridescent
                  | scales. (AC +2) [potion of mutation]
 16234 | Lair:2   | Reached XP level 12. HP: 81/81 MP: 12/12
 16355 | Lair:2   | Reached skill level 10 in Long Blades
 16441 | Lair:2   | You fall into a shaft and drop 2 floors!
 16443 | Lair:4   | Noticed a seven-headed hydra
 16456 | Lair:4   | Noticed Snorg
 16457 | Lair:4   | Noticed a catoblepas
 17466 | Lair:1   | Reached skill level 10 in Stealth
 17937 | Lair:2   | Found a hole to the Spider Nest.
 17983 | Lair:2   | Found a staircase to the Shoals.
 18404 | Lair:2   | Reached skill level 1 in Transmutations
 18529 | Lair:2   | Reached skill level 1 in Earth Magic
 18866 | Lair:3   | HP: 2/82 [blink frog (16)]
 19384 | Lair:3   | Reached skill level 1 in Spellcasting
 20083 | D:8      | Bought the +11 short sword of the Nexus {vorpal, rPois} for
                  | 989 gold pieces
 20370 | D:11     | Noticed Josephine
 20741 | D:11     | Killed Josephine
 20911 | D:12     | Reached XP level 13. HP: 88/88 MP: 15/15
 20931 | D:12     | Reached skill level 1 in Short Blades
 21689 | D:12     | Found a staircase to the Orcish Mines.
 21775 | D:12     | Noticed Azrael
 21804 | D:12     | Killed from afar by Azrael

Illustrated notes

Levels and vault maps discovered:
D:1:      lightli_arrival_lavapool, layout_loops_ring,
          chequers_serial_rivers_micro_c
D:2:      layout_loops_corners, overflow_temple_1_default,
          nicolae_overflow_hidden_temple, lemuel_crystal_altar
D:3:      layout_rooms, xom_teletrap_fun, lemuel_round_altar, minitemple,
          gammafunk_ghost_nasty_kobolds, minmay_snake_closets, uniq_jessica
D:4:      layout_cave_pools, zin_treasury, gup_sewer_entry_glass, uniq_edmund
D:5:      layout_basic, fedhas_ov_isle_minmay, minmay_temple_entry_waves,
          lightli_ossuary_entry_decrepit_ruins
D:6:      layout_cave_pods, tgw_trog
D:7:      layout_rooms, chequers_arboretum, minmay_checkerbox,
          uniq_crazy_yiuf_cottage
D:8:      layout_gridville, lair_entry_dummy, serial_shops, shop,
          minmay_tree_intersection
D:9:      layout_big_octagon, lemuel_blue_sif_altar, serial_shops, shop,
          nemelex_spade_bored_becter
D:10:     layout_basic, minmay_radiant
D:11:     layout_basic, uniq_josephine
D:12:     layout_loops_ring, orc_0_dummy, uniq_azrael
Temple:   jpeg_temple_clearing
Lair:1:   layout_cave_shapes, st_stairs_13, uniq_maggie
Lair:2:   layout_gridlike, minmay_shoals_entry_centaurs,
          spider_nest_entry_funnel_web, st_stairs_12,
          infiniplex_staircase_pool_2
Lair:3:   layout_hall_layers, grunt_megastairs_2
Lair:4:   layout_layer_cave, uniq_snorg

Skill      XL: |  1  2  3  4  5  6  7  8  9 10 11 12 13 |
---------------+----------------------------------------+-----
Stealth        | 1 2 3 4 5 6 8 9 10 | 10.7
Unarmed Combat | 1 2 3 4 5 6 7 |  7.5
Throwing       | 1 2 3 4 5 6 7 |  7.0
Long Blades    | 3 4 6 7 8 9 10 | 10.5
Fighting       | 4 5 6 7 8 |  8.3
Dodging        | 4 5 6 7 8 |  8.1
Shields        | 4 5 6 7 8 |  8.3
Transmutations | 3 |  3.9
Earth Magic    | 3 |  3.8
Spellcasting   | 1 2 |  2.3
Short Blades   | 1 |  1.7

Action                   |  1- 3 |  4- 6 |  7- 9 | 10-12 | 13-15 || total
-------------------------+-------+-------+-------+-------+-------++-------
Melee: Long sword        |    60 |   115 |   163 |       |       ||   338
       Constrict         |    16 |    38 |    63 |    96 |     5 ||   218
       Tentacles         |    10 |    27 |    61 |   131 |    12 ||   241
       Punch             |       |     2 |     5 |    22 |     9 ||    38
       Dagger            |       |       |     2 |       |       ||     2
       Scimitar          |       |       |    86 |   479 |       ||   565
       Kick              |       |       |       |   147 |    26 ||   173
       Short sword       |       |       |       |    34 |    83 ||   117
Throw: Dart              |       |     4 |    39 |    95 |       ||   138
       Boomerang         |       |       |     2 |       |       ||     2
Invok: Call Merchant     |       |       |       |     2 |       ||     2
       Potion Petition   |       |       |       |       |     1 ||     1
Evoke: Wand              |       |       |       |    12 |     2 ||    14
  Use: Scroll            |       |     9 |     9 |    17 |     1 ||    36
       Potion            |       |       |     2 |     9 |     9 ||    20
 Stab: Sleeping          |     2 |    10 |    25 |    31 |     5 ||    73
       Distracted        |     1 |     2 |     3 |     5 |       ||    11
       Paralysed         |       |       |       |     6 |       ||     6
Armor: Skin              |     4 |     7 |    14 |    21 |    15 ||    61
Dodge: Dodged            |    38 |    50 |    88 |   232 |    22 ||   430
Block: Kite shield       |    28 |    49 |    90 |   251 |    35 ||   453
       Rpst.: Long sword |    10 |    13 |    22 |       |       ||    45
       Scimitar          |       |       |     9 |    62 |       ||    71

Table legend: (Time is in decaauts)
 A = Elapsed time spent in this place.
 B = Non-inter-level travel time spent in this place.
 C = Inter-level travel time spent in this place.
 D = Time resting spent in this place.
 E = Time spent auto-exploring this place.
 F = Levels seen in this place.
 G = Mean time per level.
                   A        B        C        D        E       F      G
               +--------+--------+--------+--------+--------+-----+--------+
         Total |  21889 |  21228 |    661 |   4039 |  13459 |  19 | 1152.1 |
       Dungeon |  14869 |  14323 |    546 |   2892 |   8918 |  12 | 1239.1 |
        Temple |     20 |     20 |      0 |      0 |      4 |   1 |   20.0 |
          Lair |   5306 |   5191 |    115 |    878 |   3482 |   4 | 1326.5 |
         Sewer |   1099 |   1099 |      0 |      0 |    865 |   1 | 1099.0 |
       Ossuary |    593 |    593 |      0 |    269 |    190 |   1 |  593.0 |
               +--------+--------+--------+--------+--------+-----+--------+

Top non-repeatable levels by time:
    D:11: 2124 daAuts
  Lair:3: 1966 daAuts
  Lair:2: 1877 daAuts
     D:8: 1594 daAuts
    D:10: 1568 daAuts
     D:9: 1385 daAuts
     D:1: 1384 daAuts
  Lair:1: 1321 daAuts
     D:6: 1169 daAuts
     D:2: 1154 daAuts
   Sewer: 1099 daAuts
     D:7: 1031 daAuts
     D:3: 995 daAuts
    D:12: 878 daAuts
     D:4: 821 daAuts
